 Dungeon Crawl Stone Soup version 0.28-a0-655-g4eb62b627b (webtiles) character file.

Game seed: 2647443761709601421

528 funkygono the Firebug (level 7, 0/36 HPs)
             Began as a Gargoyle Fire Elementalist on Oct 12, 2021.
             Slain by Duvessa (17 damage)
             ... on level 5 of the Dungeon.
             The game lasted 00:07:37 (4391 turns).

funkygono the Firebug (Gargoyle Fire Elementalist)  Turns: 4391, Time: 00:07:37

Health: 0/36       AC:  7    Str: 11    XL:     7   Next: 23%
Magic:  3/14       EV: 12    Int: 18    God:
Gold:   228        SH:  0    Dex: 10    Spells: 5/15 levels left

rFire   . . .      SeeInvis .   j - +1 mace
rCold   + . .      Faith    .   (no shield)
rNeg    + . .      Spirit   .   a - +1 robe
rPois   ∞          Reflect  .   (no helmet)
rElec   +          Harm     .   (no cloak)
rCorr   .          Rampage  .   (no gloves)
Will    .....                   (no boots)
Stlth   ++........              m - amulet of magic regeneration
HPRegen 0.12/turn               f - ring of protection from cold
MPRegen 0.39/turn               (no ring)

@: no status effects
A: sickness immunity, AC +4, negative energy resistance 1, electricity
resistance, torment resistance 1, petrification resistance
a: no special abilities


You were on level 5 of the Dungeon.
You visited 1 branch of the dungeon, and saw 5 of its levels.

You collected 228 gold pieces.

Inventory:

Hand Weapons
 g - a +0 whip
 j - a +1 mace (weapon)
Missiles
 b - 119 stones
Armour
 a - a +1 robe (worn)
 l - a +0 buckler
Jewellery
 f - a ring of protection from cold (left hand)
 m - an amulet of magic regeneration (around neck)
Scrolls
 d - 3 scrolls of blinking
Potions
 c - a potion of mutation {unknown}
 e - a potion of haste {unknown}
 h - a potion of might
 i - a potion of brilliance {unknown}
 k - 3 potions of curing
 n - a potion of heal wounds {unknown}


   Skills:
 + Level 0.2 Fighting
 + Level 0.4 Maces & Flails
 + Level 1.9 Dodging
 - Level 2.1 Stealth
 * Level 4.7 Spellcasting
 * Level 3.3 Conjurations
 * Level 5.4 Fire Magic


You had 5 spell levels left.
You knew the following spells:

 Your Spells              Type           Power      Damage    Failure   Level
a - Foxfire               Conj/Fire      80%        2x1d8     2%          1
b - Scorch                Fire           46%        2d7       2%          2
c - Conjure Flame         Conj/Fire      20%        6-21      7%          3
d - Flame Wave            Conj/Fire      20%        3d6       22%         4

Your spell library contained the following spells:

 Spells                   Type           Power      Damage    Failure   Level
 Inner Flame              Hex/Fire       13%        N/A       14%         3


Dungeon Overview and Level Annotations

Branches:
Dungeon (5/15)
 Temple: D:4-7

Altars:
Okawaru

Annotations:
D:5 Duvessa


Innate Abilities, Weirdness & Mutations

You are immune to sickness and miasma.
Your stone body is resilient. (AC +4)
You are immune to poison.
You resist negative energy. (rN+)
You are resistant to electric shocks. (rElec)
You are resistant to unholy torment.
You are immune to petrification.


Message History

The foxfire hits Duvessa but does no damage.
Duvessa is lightly wounded.
You hear a shout!
Casting: Foxfire (safe; 2% risk of failure)
Confirm with . or Enter, or press ? or * to list all spells.
You conjure some foxfire!
Duvessa hits you with a +0 short sword!
Unknown command.
Sorry, you're not good enough to have a special ability.
Casting: Foxfire (safe; 2% risk of failure)
Confirm with . or Enter, or press ? or * to list all spells.
Flames lash Duvessa but do no damage.
The foxfire hits Duvessa but does no damage.
Duvessa is lightly wounded.
The foxfire hits Duvessa.
Duvessa is lightly wounded.
The foxfire hits Duvessa.
Duvessa is lightly wounded.
The foxfire hits Duvessa.
Duvessa is lightly wounded.
Duvessa hits you but does no damage.
Casting: Scorch (safe; 2% risk of failure)
Confirm with . or Enter, or press ? or * to list all spells.
You conjure some foxfire!
Duvessa misses you. Duvessa closely misses you.
Unknown command.
Casting: Foxfire (safe; 2% risk of failure)
Confirm with . or Enter, or press ? or * to list all spells.
Flames lash Duvessa.
Duvessa is moderately wounded.
Duvessa's fire resistance burns away.
The foxfire hits Duvessa but does no damage.
Duvessa is moderately wounded.
The foxfire hits Duvessa but does no damage.
Duvessa is moderately wounded.
Duvessa hits you with a +0 short sword!
An orc comes into view. It is wielding a +0 short sword.
Casting: Scorch (safe; 2% risk of failure)
Confirm with . or Enter, or press ? or * to list all spells.
You conjure some foxfire!
Duvessa closely misses you. Duvessa hits you with a +0 short sword!
You die...

.. ... ...# .....
## #o...## .##
.......##..##
.......ev....#
#...)...@...#
.##.###.##v####
#..^.#####.##
...#...........#
#..#...........##.#
#..#..............#
##................#
##.............####
##.(...........#


You could see Duvessa (berserk, combustible, ally target) and an orc.

Vanquished Creatures
  2 black bears
  Dowan (D:5)
  A hound (D:4)
  A jelly (D:5)
  A centaur skeleton (D:4)
  2 iguanas (D:5)
  A hound zombie (D:5)
  6 adders
  A shadow imp (D:5)
  An adder skeleton (D:4)
  A worm (D:4)
  3 dart slugs
  3 orcs (D:3)
  6 ball pythons
  6 endoplasms
  5 giant cockroaches
  2 goblins (D:2)
  5 hobgoblins
  5 jackals
  2 quokkas
  10 bats
  4 frilled lizards
  10 kobolds
  3 rats
82 creatures vanquished.

Vanquished Creatures (others)
  244 foxfires
244 creatures vanquished.

Grand Total: 326 creatures vanquished

Notes
Turn   | Place    | Note
-------+----------+-------------------------------------------
     0 | D:1      | funkygono the Gargoyle Fire Elementalist began the quest
                  | for the Orb.
     0 | D:1      | Reached XP level 1. HP: 10/10 MP: 3/3
   424 | D:1      | Reached XP level 2. HP: 8/15 MP: 0/5
   427 | D:1      | Learned a level 2 spell: Scorch
  1079 | D:2      | Reached XP level 3. HP: 19/19 MP: 4/6
  1113 | D:2      | Learned a level 3 spell: Conjure Flame
  1327 | D:2      | Found a faded altar of an unknown god.
  1801 | D:2      | Reached skill level 4 in Fire Magic
  1801 | D:2      | Reached XP level 4. HP: 24/24 MP: 1/7
  2757 | D:3      | Found an iron altar of Okawaru.
  3293 | D:4      | Reached XP level 5. HP: 28/28 MP: 4/9
  3298 | D:4      | Learned a level 4 spell: Flame Wave
  3351 | D:4      | Noticed a black bear
  3360 | D:4      | Killed a black bear
  3361 | D:4      | Reached XP level 6. HP: 15/32 MP: 3/11
  4120 | D:5      | Entered Level 5 of the Dungeon
  4137 | D:5      | Reached skill level 5 in Fire Magic
  4210 | D:5      | Noticed a black bear
  4221 | D:5      | Killed a black bear
  4222 | D:5      | Reached XP level 7. HP: 23/36 MP: 2/13
  4378 | D:5      | Noticed Dowan
  4384 | D:5      | Killed Dowan
  4384 | D:5      | Noticed Duvessa
  4391 | D:5      | Slain by Duvessa

Illustrated notes

Levels and vault maps discovered:
D:1:      erik_arrival_blinker_ship, layout_basic
D:2:      layout_loops_ring, dreamdust_ecumenical_altar_angels_and_demons
D:3:      layout_basic, mainiacjoe_overflow_surrounded_room,
          kennysheep_another_room, minmay_crystal_room, minmay_distorted
D:4:      layout_loops_ring
D:5:      layout_cave_pools, vehumet_statue, chequers_serial_rivers_micro_c,
          uniq_duvessa

Skill      XL: |  1  2  3  4  5  6 |
---------------+-------------------+-----
Conjurations   | 2 3 |  3.3
Fire Magic     | 4 5 |  5.4
Spellcasting   | 3 4 |  4.7
Fighting       | |  0.2
Maces & Flails | |  0.4
Dodging        | |  1.9
Stealth        | |  2.1

Action                   |  1- 3 |  4- 6 |  7- 9 || total
-------------------------+-------+-------+-------++-------
Melee: Club              |     8 |       |       ||     8
       Mace              |     1 |    10 |       ||    11
 Cast: Foxfire           |    54 |    74 |    14 ||   142
       Scorch            |     5 |    18 |     3 ||    26
  Use: Scroll            |     2 |     6 |       ||     8
Armor: Robe              |     2 |    24 |     1 ||    27
Dodge: Dodged            |    18 |    19 |     3 ||    40

Table legend: (Time is in decaauts)
 A = Elapsed time spent in this place.
 B = Non-inter-level travel time spent in this place.
 C = Inter-level travel time spent in this place.
 D = Time resting spent in this place.
 E = Time spent auto-exploring this place.
 F = Levels seen in this place.
 G = Mean time per level.
                   A        B        C        D        E       F      G
               +--------+--------+--------+--------+--------+-----+--------+
         Total |   4395 |   4331 |     64 |      0 |   3788 |   5 |  879.0 |
       Dungeon |   4395 |   4331 |     64 |      0 |   3788 |   5 |  879.0 |
               +--------+--------+--------+--------+--------+-----+--------+

Top non-repeatable levels by time:
     D:4: 1157 daAuts
     D:1: 1012 daAuts
     D:3: 1009 daAuts
     D:2: 944 daAuts
     D:5: 270 daAuts
